 Dungeon Sprint DCSS version 0.21.1-1-g345015f (webtiles) character file.

246 Fang the Fighter (level 6, 0/67 HPs)
             Began as a Gargoyle Berserker on July 11, 2018.
             Was an Elder of Trog.
             Slain by an orc warrior
             ... wielding a cursed -1 glaive
              (20 damage)
             ... in the Dungeon (Sprint VII: "The Pits").
             The game lasted 00:02:22 (710 turns).

Fang the Fighter (Gargoyle Berserker)                Turns: 710, Time: 00:02:23

Health: 0/67       AC:  6    Str: 28    XL:     6   Next: 11%
Magic:  6/6        EV: 13    Int:  7    God:    Trog [****..]
Gold:   0          SH:  0    Dex:  9    Spells: 5/5 levels left

rFire    . . .     SeeInvis .   n - +0 hand axe (chop)
rCold    . . .     Gourm    .   (no shield)
rNeg     + . .     Faith    .   b - +0 animal skin
rPois    ∞         Spirit   .   (no helmet)
rElec    +         Reflect  .   (no cloak)
rCorr    .         Harm     .   (no gloves)
MR       .....     NoTele   +   (no boots)
Stlth    ..........             (no amulet)
HPRegen  0.21/turn              (no ring)
MPRegen  0.10/turn              (no ring)

@: berserking, very quick
A: negative energy resistance 1, electricity resistance, unbreathing,
petrification resistance, rot immunity, AC +4
a: Berserk, Trog's Hand, Brothers in Arms, Burn Spellbooks, Renounce Religion


You were in the Dungeon.
You worshipped Trog.
Trog was greatly pleased with you.
You were very hungry.

You visited 1 branch

Inventory:

Hand Weapons
 j - a +2 hand axe
 n - a +0 hand axe of chopping (weapon)
Armour
 b - a +0 animal skin (worn)
Scrolls
 i - a scroll of blinking
 k - 3 scrolls of remove curse
 l - a scroll of summoning
Potions
 a - 2 potions of invisibility
 d - 6 potions of curing
 e - 6 potions of heal wounds
 f - a potion of haste
 g - 4 potions of magic
 h - 3 potions of berserk rage
Comestibles
 c - 9 rations
 m - 3 chunks of flesh


   Skills:
 + Level 8.7 Fighting
 + Level 7.6 Axes
 + Level 3.9 Armour
 + Level 4.3 Dodging


You had 5 spell levels left.
You didn't know any spells.

Dungeon Overview and Level Annotations

Branches:
Dungeon (1/1)

Altars:
Cheibriados
Dithmenos
Elyvilon
Fedhas
Gozag
Hepliaklqana
Makhleb
Nemelex Xobeh
Okawaru
Qazlal
Ru
Sif Muna
Trog
Vehumet
Wu Jian
Xom
Yredelemnul
Zin
The Shining One
Beogh
Jiyva
Lugonu


Innate Abilities, Weirdness & Mutations

You are resistant to torment.
Your stone body is resilient. (AC +4)
You are immune to poison.
You resist negative energy. (rN+)
You are resistant to electric shocks. (rElec)
You can survive without breathing.
You are immune to petrification.
You are immune to rotting.


Message History

You feel stronger.
You hit the orc.
You kill the orc!
Trog accepts your kill. The orc warrior closely misses you.
Unknown command.
The orc hits you with a whip.
The big kobold throws a stone.
The stone hits you.
* * * LOW HITPOINT WARNING * * *
The orc closely misses you.
Items here: (( ) † a stone; an uncursed shortbow; 17 arrows; a centaur corpse Unknown command.
You slash the orc warrior!
The orc warrior is moderately wounded.
You closely miss the iguana. You slash the orc!
You kill the orc!
Trog accepts your kill.
The orc warrior hits you with a glaive!!
You die...

#.#..†..#).#####'#
#.#..####))##.....
#.#.)#..#))##.....
#.#..#..#[[##.....
#.##'#).#'###...<.
#.#...)....##.....
#(#........##.....
#(###########.....
#@lK....# ######
#o).#...# #o..# .#
#.##.# #.. #.. #..
... #.. ..+ ####
##


You could see an orc warrior, a big kobold, an iguana and an orc.

Vanquished Creatures
  2 centaurs (D)
  A quasit (D)
  2 adders (D)
  A river rat (D)
  A white imp (D)
  An ufetubus (D)
  An ooze (D)
  A leopard gecko (D)
  4 orcs (D)
  2 goblins (D)
16 creatures vanquished.

Notes
Turn   | Place    | Note
-------+----------+-------------------------------------------
     0 | D        | Fang the Gargoyle Berserker began the quest for the Orb.
     0 | D        | Reached XP level 1. HP: 14/14 MP: 1/1
    33 | D        | Reached skill level 4 in Fighting
    33 | D        | Reached XP level 2. HP: 4/20 MP: 2/2
   287 | D        | Found a bloodstained altar of Trog.
   287 | D        | Found a deep blue altar of Sif Muna.
   287 | D        | Found a viscous altar of Jiyva.
   287 | D        | Found a hazy altar of Hepliaklqana.
   287 | D        | Found an opulent altar of Gozag.
   288 | D        | Found a glowing golden altar of the Shining One.
   288 | D        | Found a glowing silver altar of Zin.
   288 | D        | Found a basalt altar of Yredelemnul.
   288 | D        | Found a shimmering altar of Xom.
   288 | D        | Found an ornate altar of the Wu Jian Council.
   288 | D        | Found a sacrificial altar of Ru.
   288 | D        | Found a stormy altar of Qazlal.
   288 | D        | Found an iron altar of Okawaru.
   288 | D        | Found a sparkling altar of Nemelex Xobeh.
   288 | D        | Found a burning altar of Makhleb.
   288 | D        | Found a blossoming altar of Fedhas.
   288 | D        | Found a white marble altar of Elyvilon.
   288 | D        | Found a shadowy altar of Dithmenos.
   288 | D        | Found a snail-covered altar of Cheibriados.
   290 | D        | Found a radiant altar of Vehumet.
   290 | D        | Found a corrupted altar of Lugonu.
   290 | D        | Found a roughly hewn altar of Beogh.
   339 | D        | Reached ** piety under Trog
   473 | D        | Reached skill level 5 in Fighting
   473 | D        | Reached XP level 3. HP: 26/26 MP: 3/3
   498 | D        | Noticed a centaur
   501 | D        | Reached *** piety under Trog
   502 | D        | Killed a centaur
   502 | D        | Reached skill level 7 in Fighting
   502 | D        | Reached XP level 4. HP: 34/34 MP: 4/4
   502 | D        | Reached XP level 5. HP: 38/38 MP: 5/5
   696 | D        | Noticed an orc warrior
   696 | D        | Noticed a big kobold
   696 | D        | Noticed a centaur
   702 | D        | Reached **** piety under Trog
   708 | D        | Killed a centaur
   708 | D        | Reached skill level 8 in Fighting
   708 | D        | Reached XP level 6. HP: 23/45 MP: 6/6
   710 | D        | Slain by an orc warrior

Skill      XL: |  1  2  3  4  5 |
---------------+----------------+-----
Fighting       | 4 5 7 8 |  8.7
Axes           | 3 4 6 7 |  7.6
Dodging        | 2 3 4 |  4.3
Armour         | 3 |  3.9

Action                   |  1- 3 |  4- 6 || total
-------------------------+-------+-------++-------
Melee: Hand axe          |    40 |    12 ||    52
Invok: Berserk           |     1 |     1 ||     2
Armor: Animal skin       |    14 |     5 ||    19
Dodge: Dodged            |    35 |    17 ||    52
